 Dungeon Crawl Stone Soup version 0.32-a0-30-gefbe487952 (webtiles) character file.

Game seed: 3662119204716111940

144850 GloriousHammer the Arsonist (level 16, -10/134 HPs)
             Began as a Demigod Fire Elementalist on Jan 15, 2024.
             Mangled by a shock serpent (13 damage)
             ... on level 1 of the Snake Pit on Jan 19, 2024.
             The game lasted 01:59:12 (50238 turns).

GloriousHammer the Arsonist (DgFE)                 Turns: 50238, Time: 01:59:13

Health: -10/134    AC: 12    Str:  9    XL:     16   Next: 33%
Magic:  16/32      EV: 18    Int: 29    God:
Gold:   2074       SH: 10    Dex: 22    Spells: 3/31 levels left

rFire   + . .        G - +0 falchion (venom)
rCold   . . .        Z - +3 buckler {rC+}
rNeg    + . .        S - +3 troll leather armour
rPois   .            U - +1 helmet
rElec   .            (no cloak)
rCorr   .            W - +2 pair of gloves
SInv    .            (no boots)
Will    +....        s - amulet of magic regeneration
Stlth   +++          N - ring of positive energy
HPRegen 1.22/turn    F - ring of fire
MPRegen 0.63/turn

%: no passive effects
@: very slightly contaminated, studying Staves
A: high MP 1, forlorn, divine attributes
a: no special abilities


You were on level 1 of the Snake Pit.
You visited 4 branches of the dungeon, and saw 23 of its levels.
You also visited: Ice Cave and Volcano.

You collected 2155 gold pieces.
You spent 81 gold pieces at shops.

Inventory:

Hand Weapons
 G - a +0 falchion of venom (weapon)
 O - the +4 flail "Myoshraf" {freeze, rF++}
   (You found it on level 3 of the Lair of Beasts)

   rF++:      It greatly protects you from fire.
Missiles
 h - 27 poisoned darts
 Q - 19 boomerangs (quivered)
 X - 7 curare-tipped darts
Armour
 i - +0 swamp dragon scales
 S - a +3 troll leather armour (worn)
 U - a +1 helmet (worn)
 W - a +2 pair of gloves (worn)
 Z - a +3 buckler of cold resistance (worn)
Magical Staves
 K - a staff of air
Jewellery
 b - a +6 ring of intelligence
 k - an amulet of the acrobat
 s - an amulet of magic regeneration (around neck)
 F - a ring of fire (right hand)
 N - a ring of positive energy (left hand)
 R - a ring of resist corrosion
 T - a +4 ring of protection
Wands
 z - a wand of polymorph (18)
 A - a wand of light (3)
 D - a wand of mindburst (2)
 J - a wand of flame (26)
 P - a wand of paralysis (8)
 Y - a wand of roots (4)
Scrolls
 d - a scroll of enchant armour
 j - 3 scrolls of fear
 l - 6 scrolls of amnesia
 m - 4 scrolls of immolation
 n - a scroll of vulnerability
 o - 6 scrolls of teleportation
 r - 2 scrolls of silence
 x - 3 scrolls of enchant weapon
 y - 2 scrolls of blinking
 C - 2 scrolls of poison
 I - a scroll of butterflies
 M - 3 scrolls of fog
Potions
 a - 2 potions of enlightenment
 c - 6 potions of lignification
 f - a potion of heal wounds
 g - a potion of ambrosia
 p - 5 potions of invisibility
 q - 4 potions of resistance
 u - 4 potions of haste
 v - 11 potions of curing
 w - 2 potions of magic
 B - 2 potions of might
 E - 4 potions of attraction
 L - 2 potions of berserk rage
 V - 3 potions of brilliance {unknown}
Miscellaneous
 e - a lightning rod (4/4)


   Skills:
 + Level 10.2 Fighting
 + Level 3.2 Long Blades
 - Level 7.0 Armour
 + Level 10.1 Dodging
 - Level 3.0 Stealth
 + Level 7.2 Shields
 - Level 8.0 Spellcasting
 * Level 11.4 Conjurations
 - Level 5.0 Hexes
 - Level 3.0 Translocations
 * Level 12.1 Fire Magic
 * Level 5.3 Air Magic
 - Level 4.7 Evocations


You had 3 spell levels left.
You knew the following spells:

 Your Spells              Type           Power      Damage    Failure   Level
a - Foxfire               Conj/Fire      100%       2x1d9     1%          1
b - Scorch                Fire           100%       2d9       1%          2
c - Inner Flame           Hex/Fire       75%        N/A       1%          3
d - Volatile Blastmotes   Fire/Tloc      100%       2d18      1%          3
e - Starburst             Conj/Fire      44%        6d12      11%         6
f - Swiftness             Air            42%        N/A       3%          3
g - Flame Wave            Conj/Fire      88%        2d19      1%          4
h - Plasma Beam           Fire/Air       38%        2x1d51    36%         6

Your spell library contained the following spells:

 Spells                   Type           Power      Damage    Failure   Level
 Shock                    Conj/Air       100%       1d9       1%          1
 Sting                    Conj/Alch      100%       1d9       1%          1
 Jinxbite                 Hex            80%        N/A       1%          2
 Hailstorm                Conj/Ice       44%        3d9       2%          3
 Mephitic Cloud           Conj/Alch/Air  43%        N/A       2%          3
 Stone Arrow              Conj/Erth      88%        3d12      2%          3
 Ensorcelled Hibernation  Hex/Ice        52%        N/A       4%          2
 Mercury Vapours          Alch/Air       52%        N/A       4%          2
 Cigotuvi's Dreadful Rot  Necr/Alch/Air  42%        N/A       6%          2
 Freeze                   Ice            44%        1d6       9%          1
 Frozen Ramparts          Ice            22%        1d4       26%         3
 Ozocubu's Armour         Ice            11%        N/A       26%         3
 Passwall                 Erth           11%        N/A       26%         3
 Summon Ice Beast         Ice/Summ       11%        N/A       26%         3
 Iskenderun's Mystic Bla  Conj/Tloc      52%        2d11      4%          4
 Fulminant Prism          Conj/Alch      22%        3d12      9%          4
 Airstrike                Air            21%        2d(3-19)  10%         4
 Dimensional Bullseye     Hex/Tloc       17%        N/A       16%         4
 Freezing Cloud           Conj/Ice/Air   21%        6-21      24%         5
 Dispel Undead            Necr           11%        3d9       63%         4
 Martyr's Knell           Necr/Summ      11%        N/A       63%         4
 Olgreb's Toxic Radiance  Alch           11%        N/A       63%         4
 Metabolic Englaciation   Hex/Ice        13%        N/A       63%         5
 Yara's Violent Unravell  Hex/Alch       13%        3d7       63%         5
 Summon Forest            Summ/Tloc      10%        N/A       77%         5
 Borgnjor's Vile Clutch   Necr/Erth      5%         N/A       93%         5
 Death Channel            Necr           5%         N/A       100%        6
 Sculpt Simulacrum        Ice/Alch       5%         N/A       100%        6
 Enfeeble                 Hex            20%        N/A       100%        7


Dungeon Overview and Level Annotations

Branches:
Dungeon (15/15)            Temple (0/1) D:7            Lair (5/5) D:9
 Shoals (0/4) Lair:2        Snake (1/4) Lair:3        Slime (0/5) Lair:4
    Orc (2/2) D:12            Elf (0/3) Orc:2        Vaults (0/5) D:13
  IceCv (visited)         Volcano (visited)
 Depths: D:15

Shops:
D:14 :   Orc:1 *   Orc:2 *[((!

Portals:
Trove: D:14 (show abyssal rune of Zot)

Annotations:
D:4 exclusion: downstairs
D:12 exclusion: downstairs
D:14 2 transporters, Giwuof's ghost, journeyman DjGl
D:15 Rupert
Lair:2 exclusion: downstairs
Lair:4 exclusion: downstairs
Lair:5 2 transporters, DeathSocks's ghost, journeyman MiFi


Innate Abilities, Weirdness & Mutations

You have an increased reservoir of magic. (+10% MP)
You shall have no god before yourself.
Your divine heritage dramatically boosts your attributes as you level up.


Message History

The air sparks with electricity, shocking you!
* * * LOW HITPOINT WARNING * * *
The shock serpent bites you.
* * * LOW HITPOINT WARNING * * *
The shock serpent shocks you!
* * * LOW HITPOINT WARNING * * *
You block the shock serpent's attack.
A naga comes into view. It is wielding a +0 glaive.
Casting: Starburst (dangerous; 11% risk of failure)
Confirm with . or Enter, or press ? or * to list all spells.
Casting: Starburst (dangerous; 11% risk of failure)
Press: ? - help, Dir - look around, f - activate You feel a surge of power!
You miscast Starburst.
Flames sear your flesh! You resist.
* * * LOW HITPOINT WARNING * * *
The shock serpent shoots out a bolt of lightning at you!
The bolt of electricity misses you. x2
The bolt of electricity hits the shock serpent.
The shock serpent completely resists.
The mana viper closely misses you. You block the mana viper's attack.
Unknown command.
You feel much better.
The shock serpent shoots out a bolt of lightning at you!
The bolt of electricity misses you. The bolt of electricity hits you!!
* * * LOW HITPOINT WARNING * * *
The bolt of electricity hits the shock serpent.
The shock serpent completely resists.
You block the mana viper's attack. The mana viper barely misses you.
The shock serpent barely misses you.
As you read the scroll of fear, it crumbles to dust.
You assume a fearsome visage.
The naga looks frightened!
The mana viper looks frightened! x2; The shock serpent looks frightened!
The anaconda looks frightened!
You feel much better.
Your +0 falchion of venom begins to drip with poison!
G - a +0 falchion of venom (weapon)
A naga warrior comes into view. It is wielding a +0 battleaxe.
As you read the scroll of teleportation, it crumbles to dust.
You feel strangely unstable.
Unknown command.
Aiming: Fastroot
Press: ? - help, Shift-Dir - straight line, f - naga warrior
Aim: a naga warrior, wielding a +0 battleaxe and wearing a +0 robe The roots erupt in riotous growth!
Roots grab the naga warrior.
The grasping roots constrict the naga warrior.
The naga warrior spits poison at you. The splash of poison hits you!
You are poisoned.
* * * LOW HITPOINT WARNING * * *
You feel better.
The grasping roots constrict the naga warrior.
The naga warrior struggles to escape constriction. 2 naga sharpshooters come into view.
A naga sharpshooter is wielding a +1 long sword of protection.
Your surroundings suddenly seem different.
The roots lose their grip on something.
Found 29 gold pieces.
The sentinel's mark upon you fades away.
The naga sharpshooter moves out of view. x2
A naga comes into view.
It is wielding a +1 dire flail of holy wrath.
A naga is nearby!
You start resting.
A naga is nearby!
You see here 29 gold pieces.
You now have 2074 gold pieces (gained 29).
A naga sharpshooter comes into view. It is wielding a +0 war axe.
The shock serpent shoots out a bolt of lightning at you!
The bolt of electricity hits you!!
* * * LOW HITPOINT WARNING * * *
Casting: Starburst (dangerous; 11% risk of failure)
Confirm with . or Enter, or press ? or * to list all spells.
You feel a surge of power!
A cloud of volatile blastmotes flares up around you!
Run!
The naga sharpshooter shouts!
The naga spits poison at you. The splash of poison misses you.
The cloud of blastmotes explodes!
The concussive blast engulfs the shock serpent.
The shock serpent is lightly wounded.
Casting: Volatile Blastmotes (safe; 1% risk of failure)
Confirm with . or Enter, or press ? or * to list all spells.
You feel a surge of power!
Flames lash the shock serpent.
The shock serpent is moderately wounded.
The shock serpent's fire resistance burns away.
You hear a shout!
You block the shock serpent's attack.
Casting: Scorch (safe; 1% risk of failure)
Confirm with . or Enter, or press ? or * to list all spells.
Casting: Flame Wave (mildly dangerous; 1% risk of failure)
Press: ? - help, Dir - look around, f - activate You feel a surge of power!
A wave of flame ripples out!
The flame wave engulfs the shock serpent!!!
The shock serpent is burned terribly!
The shock serpent is almost dead. (Press . to intensify the flame waves.)
The shock serpent's electric aura discharges, shocking you!
* * * LOW HITPOINT WARNING * * *
The shock serpent bites you!
* * * LOW HITPOINT WARNING * * *
The shock serpent shocks you!
You die...

#.........##
#.........###
##...........#
###..N.........#
##..............#
##...#..........##
.N..N............#
.....##.N....#S..#
.### ####...#@..#
######### # # # #
#


You could see a shock serpent (combustible).

Vanquished Creatures
  Agnes (D:15)
  An orc warlord (Orc:2)
  Snorg (D:10)
  An entropy weaver (D:13)
  5 hydras
  2 vault guards
  4 centaur warriors
  An ice dragon (Lair:5)
  An anaconda (Snake:1)
  A death knight (D:13)
  An ogre mage (D:10)
  2 two-headed ogres
  3 tengu warriors (D:15)
  4 boulder beetles
  A sphinx skeleton (D:15)
  5 orc high priests (Orc:2)
  A vampire mage (Lair:3)
  A hell hog (Volcano)
  A shock serpent (Snake:1)
  Nergalle (D:10)
  Sonja (D:10)
  2 skysharks
  A fire crab (Volcano)
  11 skeletal warriors
  A swamp dragon (Lair:5)
  A flayed ghost (D:15)
  Pikel (D:6)
  6 orc knights
  2 lindwurms
  2 deep elf pyromancers
  2 phantasmal warriors (D:12)
  A necromancer (D:15)
  5 orc sorcerers
  2 oklob plants
  9 cyclopes
  15 ugly things
  A manticore (D:13)
  5 elephants (Lair:3)
  7 black mambas
  2 ice statues (IceCv)
  3 kobold blastminers (Orc:2)
  10 cane toads
  2 molten gargoyles (Volcano)
  A gargoyle (D:11)
  Maggie (D:8)
  12 komodo dragons
  9 rime drakes
  3 efreet
  A tengu conjurer (D:15)
  2 anaconda simulacra (IceCv)
  4 ice devils (IceCv)
  3 freezing wraiths
  6 trolls
  Grinder (D:6)
  3 polar bears
  3 hornets
  A glass eye (shapeshifter) (D:15)
  A spriggan zombie (D:15)
  11 blink frogs
  A snapping turtle (Lair:2)
  4 dream sheep (Lair:3)
  7 slime creatures
  A water elemental (Lair:2)
  2 wraiths
  3 wyverns
  Eustachio (D:5)
  4 wargs
  The ghost of knightboat the Magician, an amateur OnFE (D:4)
  5 fire bats (Volcano)
  2 humans
  28 yaks
  A death yak simulacrum (IceCv)
  4 steam dragons
  Grum (D:10)
  A vampire mosquito (D:12)
  6 basilisks
  A harpy simulacrum (IceCv)
  4 acid dragons
  Duvessa (D:6)
  25 water moccasins
  A hell hound (Volcano)
  2 swamp drakes (Lair:5)
  3 ice beasts
  26 orc warriors
  A sky beast (D:8)
  8 black bears
  10 ogres
  3 laughing skulls
  15 wolves
  A lemure (D:6)
  12 centaurs
  2 kobold brigands
  2 gnoll sergeants (D:7)
  13 bullfrogs
  6 scorpions
  A cane toad simulacrum (IceCv)
  A two-headed ogre simulacrum (IceCv)
  A wight (D:7)
  Dowan (D:6)
  7 killer bees
  An oklob sapling (D:10)
  An elephant simulacrum (IceCv)
  An electric eel (Lair:2)
  5 howler monkeys
  4 jellies
  A quasit (D:6)
  5 lava snakes (Volcano)
  31 orc priests
  6 hounds
  A sleepcap (D:7)
  8 iguanas
  32 orc wizards
  7 hell rats (Lair:2)
  3 spriggan simulacra (IceCv)
  3 troll simulacra (IceCv)
  A polar bear simulacrum (IceCv)
  14 adders
  7 gnolls
  2 shadow imps
  4 white imps
  5 ufetubi
  3 dart slugs
  3 ribbon worms
  3 adder simulacra (D:4)
  85 orcs
  3 bats
  5 endoplasms
  3 giant cockroaches
  12 goblins
  3 hobgoblins
  12 jackals
  4 quokkas
  12 ball pythons
  5 frilled lizards
  A goblin skeleton (D:6)
  2 hobgoblin zombies (D:6)
  20 kobolds
  A kobold skeleton (D:6)
  2 orc skeletons (D:6)
  2 orc zombies (D:6)
  8 rats
742 creatures vanquished.

Vanquished Creatures (collateral kills)
  7 foxfires
7 creatures vanquished.

Vanquished Creatures (others)
  A laughing skull (D:15)
  A kobold (D:10)
  1691 foxfires
1693 creatures vanquished.

Grand Total: 2442 creatures vanquished

Notes
Turn   | Place    | Note
-------+----------+-------------------------------------------
     0 | D:1      | GloriousHammer the Demigod Fire Elementalist began the
                  | quest for the Orb.
     0 | D:1      | Reached XP level 1. HP: 14/14 MP: 5/5
    77 | D:1      | Reached skill level 1 in Conjurations
   236 | D:1      | Reached XP level 2. HP: 20/20 MP: 4/7
   442 | D:1      | Reached skill level 3 in Fire Magic
   452 | D:1      | Learned a level 2 spell: Scorch
  1035 | D:2      | Reached XP level 3. HP: 26/26 MP: 5/9
  2263 | D:2      | Reached XP level 4. HP: 33/33 MP: 5/10
  2591 | D:2      | Upgraded the game from 0.32-a0-17-gb74e046682 to
                  | 0.32-a0-18-g89e19f1974
  3640 | D:4      | Learned a level 3 spell: Inner Flame
  3644 | D:4      | Learned a level 3 spell: Volatile Blastmotes
  3653 | D:4      | Reached XP level 5. HP: 38/38 MP: 3/12
  4048 | D:4      | Reached skill level 1 in Hexes
  4048 | D:4      | Reached skill level 1 in Translocations
  4048 | D:4      | Reached skill level 4 in Fire Magic
  4394 | D:4      | Found a runed translucent gate.
  4394 | D:4      | Found a runed translucent gate.
  4394 | D:4      | Found a runed translucent gate.
  4557 | D:4      | Noticed an ice beast
  4860 | D:4      | Noticed knightboat's ghost (amateur OnFE)
  4937 | D:5      | Entered Level 5 of the Dungeon
  4937 | D:5      | Noticed Eustachio
  4984 | D:4      | Reached XP level 6. HP: 41/45 MP: 7/14
  5421 | D:5      | Reached skill level 1 in Fighting
  5421 | D:5      | Reached skill level 1 in Long Blades
  5608 | D:5      | Killed Eustachio
  5609 | D:5      | Reached XP level 7. HP: 47/52 MP: 1/15
  6784 | D:5      | Reached XP level 8. HP: 61/61 MP: 9/17
  7904 | D:6      | Noticed Pikel
  7915 | D:6      | Killed Pikel
  7916 | D:6      | Reached skill level 5 in Spellcasting
  7916 | D:6      | Reached skill level 5 in Fire Magic
  8042 | D:6      | Noticed Dowan
  8043 | D:6      | Noticed Duvessa
  8061 | D:6      | Killed Duvessa
  8075 | D:6      | Killed Dowan
  8439 | D:6      | Noticed Grinder
  8651 | D:6      | Reached XP level 9. HP: 70/70 MP: 14/20
  9133 | D:6      | Identified the +1 leather armour of the Harvest {Harm Str+3
                  | Slay-2}
 10277 | D:4      | Killed knightboat's ghost
 10420 | D:4      | Learned a level 6 spell: Starburst
 11137 | D:7      | Reached skill level 5 in Dodging
 11295 | D:7      | Found a staircase to the Ecumenical Temple.
 11318 | D:7      | Reached skill level 6 in Fire Magic
 12157 | D:8      | Upgraded the game from 0.32-a0-18-g89e19f1974 to
                  | 0.32-a0-20-ge526923d97
 12839 | D:8      | Reached skill level 5 in Fighting
 13210 | D:8      | Noticed Maggie
 13217 | D:8      | Killed Maggie
 13218 | D:8      | Reached XP level 10. HP: 81/81 MP: 11/22
 13469 | D:8      | Learned a level 3 spell: Swiftness
 13781 | D:9      | Noticed an elephant
 13808 | D:9      | Reached skill level 5 in Hexes
 13836 | D:9      | Reached skill level 1 in Armour
 14021 | D:9      | Reached skill level 1 in Air Magic
 14101 | D:9      | Found a staircase to the Lair.
 14622 | Lair:1   | Entered Level 1 of the Lair of Beasts
 14628 | Lair:1   | Reached skill level 5 in Conjurations
 14813 | Lair:1   | Reached skill level 1 in Shields
 15496 | Lair:1   | Reached skill level 7 in Fire Magic
 15759 | Lair:1   | Reached XP level 11. HP: 89/89 MP: 17/24
 16629 | Lair:2   | Noticed a five-headed hydra
 16654 | Lair:2   | Killed a five-headed hydra
 17087 | Lair:2   | Noticed a skyshark
 17097 | Lair:2   | Killed a skyshark
 17581 | Lair:2   | Got the Precepts of the Fateful Mantle
 17602 | Lair:2   | Noticed a boulder beetle
 17632 | Lair:2   | Upgraded the game from 0.32-a0-20-ge526923d97 to
                  | 0.32-a0-22-g6ae6769602
 17632 | Lair:2   | Upgraded the game from 0.32-a0-22-g6ae6769602 to
                  | 0.32-a0-30-gefbe487952
 18136 | Lair:2   | Killed a boulder beetle
 18650 | Lair:1   | Learned a level 4 spell: Flame Wave
 18949 | Lair:2   | Found a staircase to the Shoals.
 19358 | Lair:2   | Noticed a four-headed hydra
 19374 | Lair:2   | Killed a four-headed hydra
 19563 | Lair:2   | Reached skill level 8 in Fire Magic
 19868 | Lair:2   | Reached XP level 12. HP: 82/100 MP: 17/27
 20482 | Lair:3   | Identified the +4 flail "Myoshraf" {freeze, rF++}
 20504 | Lair:3   | Found a runed translucent door.
 21262 | Lair:3   | Noticed a five-headed hydra
 21286 | Lair:3   | Found a staircase to the Snake Pit.
 21302 | Lair:3   | Killed a five-headed hydra
 23775 | Lair:4   | Found a staircase to the Slime Pits.
 24663 | Lair:5   | Entered Level 5 of the Lair of Beasts
 24771 | Lair:5   | Reached skill level 9 in Fire Magic
 24886 | Lair:5   | Found a transporter.
 24909 | Lair:5   | Found a transporter.
 24934 | Lair:5   | Reached skill level 1 in Evocations
 25597 | Lair:5   | Reached XP level 13. HP: 107/107 MP: 9/29
 26141 | Lair:5   | Noticed DeathSocks's ghost (journeyman MiFi)
 27767 | D:10     | Entered Level 10 of the Dungeon
 27787 | D:10     | Noticed Nergalle
 27802 | D:10     | Noticed Grum
 27806 | D:10     | Killed Grum
 28118 | D:10     | Killed Nergalle
 28155 | D:10     | Noticed Snorg
 28175 | D:10     | Killed Snorg
 28600 | D:10     | Identified the +4 falchion of Wyrd {chaos, rElec rF- rN+}
 28604 | D:10     | Paralysed by an ogre mage for 5 turns
 29250 | D:10     | Noticed Sonja
 29854 | D:10     | Killed Sonja
 30963 | D:10     | Got the Vellum of Nature
 31079 | D:11     | Found a frozen archway.
 31118 | D:11     | Reached skill level 5 in Shields
 31331 | IceCv    | Entered an ice cave
 31829 | IceCv    | Reached skill level 5 in Armour
 32372 | IceCv    | Reached skill level 10 in Fire Magic
 33111 | IceCv    | Noticed a reaper
 33594 | D:11     | Identified the +2 shortbow "Qiss" {drain, rElec Str+4
                  | Int+3}
 35167 | D:12     | Found a staircase to the Orcish Mines.
 36589 | Orc:1    | Entered Level 1 of the Orcish Mines
 36646 | Orc:1    | Found Dytic's General Store.
 36674 | Orc:1    | Found a dark tunnel.
 36686 | Volcano  | Entered a volcano
 37221 | Volcano  | Reached XP level 14. HP: 103/118 MP: 30/30
 37413 | Orc:1    | Bought a scroll of identify for 34 gold pieces
 37413 | Orc:1    | Bought a scroll of identify for 34 gold pieces
 38237 | Orc:1    | Paralysed by an orc sorcerer for 3 turns
 38242 | Orc:1    | Paralysed by an orc sorcerer for 5 turns
 38305 | Orc:1    | You fall into a shaft and drop 1 floor!
 38305 | Orc:2    | Entered Level 2 of the Orcish Mines
 38794 | Orc:2    | Noticed an orc warlord
 38990 | Orc:2    | Found a staircase to the Elven Halls.
 39298 | Orc:2    | Found Burhotey's Distillery.
 39298 | Orc:2    | Killed an orc warlord
 39453 | Orc:2    | Bought a potion of degeneration for 13 gold pieces
 40638 | Orc:2    | Reached skill level 10 in Conjurations
 41222 | Orc:2    | Reached skill level 11 in Fire Magic
 41391 | Orc:2    | Found Iduy's Armour Boutique.
 41396 | Orc:2    | Found Mogyk's Antique Weapon Shoppe.
 41403 | Orc:2    | Found Hugec's Antique Weapon Shoppe.
 41405 | Orc:2    | Found Wakeofur's Assorted Antiques.
 41900 | Orc:1    | Learned a level 6 spell: Plasma Beam
 43598 | D:13     | Found a gate to the Vaults.
 44475 | D:13     | Identified the death talisman "Ununismumye" {Str+4 Dex-3}
 45997 | D:14     | Found a transporter.
 46255 | D:14     | Found a transporter.
 46259 | D:14     | Noticed Giwuof's ghost (journeyman DjGl)
 46384 | D:14     | Reached XP level 15. HP: 113/126 MP: 7/31
 46678 | D:14     | Found a portal to a secret trove of treasure.
 46730 | D:14     | Found Ypreskaz's Book Shoppe.
 46999 | D:15     | Entered Level 15 of the Dungeon
 47010 | D:15     | Noticed Agnes
 47221 | D:6      | Killed Grinder
 47994 | D:15     | Noticed Rupert
 48271 | D:15     | Reached skill level 10 in Fighting
 48626 | D:15     | Killed Agnes
 49473 | D:15     | Reached skill level 10 in Dodging
 49885 | D:14     | Reached skill level 12 in Fire Magic
 49885 | D:14     | Reached skill level 5 in Air Magic
 49885 | D:14     | Reached XP level 16. HP: 134/134 MP: 32/32
 50185 | Snake:1  | Entered Level 1 of the Snake Pit
 50238 | Snake:1  | HP: 3/134 [shock serpent (11)]
 50238 | Snake:1  | Mangled by a shock serpent

Illustrated notes

Levels and vault maps discovered:
D:1:      amcnicky_arrival_feature_with_door, layout_loops_cross
D:2:      minmay_angry_zag, layout_loops_ring, serial_glass, glass_columns_a,
          glass_columns_a, grunt_decor_resistance, corexii_leaking_fountain
D:3:      layout_loops_ring, nicolae_dithmenos_the_darkroom
D:4:      layout_loops_cross, gammafunk_ghost_icy
D:5:      layout_gridville, mainiacjoe_overflow_alcove_1, minmay_manual_mail,
          uniq_eustachio
D:6:      layout_loops_ring, nicolae_tso_besieged_by_evil,
          hangedman_abyss_or_decor_stabs, kennysheep_generic_room_16,
          uniq_duvessa, uniq_pikel, uniq_grinder
D:7:      minmay_inner_zag, layout_basic, minmay_temple_entry_drinking_statues
D:8:      layout_basic, chequers_serial_rivers_small_a, uniq_maggie
D:9:      layout_long_grid, nicolae_qazlal_eye_of_the_storm, david_lair_generic
D:10:     hellmonk_paralyzer, layout_cross, mainiacjoe_overflow_catwalk_spiral,
          introduction_to_nature_2, uniq_grum, uniq_snorg, uniq_sonja,
          uniq_nergalle
D:11:     layout_stronghold, portal_ice_cave_entry_animals_and_master
D:12:     layout_irregular_city, erik_orc_4, hangedman_decor_growths,
          minmay_increasing_density
D:13:     layout_basic, hellmonk_vaults_order_and_chaos
D:14:     layout_rooms, serial_shops, nicolae_lakefront_shop,
          ebering_dispersal_statue_hall, gammafunk_ghost_stat_death,
          enter_trove_5
D:15:     gammafunk_depths_entry_grave, layout_long_grid, uniq_agnes,
          uniq_rupert
Lair:1:   layout_regular_city, nicolae_quartered_pool_impasse,
          grunt_megastairs_3
Lair:2:   layout_chaotic_city, minmay_shoals_entry_hut
Lair:3:   layout_gridlike, minmay_snake_entry_six_corridors, wad_woods_road_02,
          pdpol_lair_cabin_in_the_woods
Lair:4:   layout_regular_city, slime_entry_1, basic_altar, lemuel_fruit_tree
Lair:5:   guppyfry_lair_end_dragon, layout_long_grid,
          gammafunk_ghost_abyssal_escape
Snake:1:  layout_misc_corridors
Orc:1:    layout_caves, nicolae_volcano_entry_s_turn, serial_shops,
          nicolae_shop_tiny_statue_garden, nicolae_orc_found_a_spring
Orc:2:    st_orc_elflike, layout_caves, serial_shops, shop_statue,
          minmay_orc_temple_c

Skill      XL: |  1  2  3  4  5  6  7  8  9 10 11 12 13 14 15 |
---------------+----------------------------------------------+-----
Conjurations   | 1 2 3 4 5 6 8 9 10 11 | 11.4
Spellcasting   | 2 3 4 5 6 7 8 |  8.0
Fire Magic     | 3 4 5 6 7 8 9 10 11 12 | 12.1
Hexes          | 1 2 3 4 5 |  5.0
Translocations | 1 2 3 |  3.0
Stealth        | 2 3 |  3.0
Dodging        | 2 3 4 5 7 8 9 10 | 10.1
Fighting       | 1 2 3 5 7 8 9 10 | 10.2
Long Blades    | 1 2 3 |  3.2
Armour         | 2 4 5 6 7 |  7.0
Air Magic      | 2 3 5 |  5.3
Shields        | 2 4 5 6 7 |  7.2
Evocations     | 1 3 4 |  4.7

Action                     |  1- 3 |  4- 6 |  7- 9 | 10-12 | 13-15 | 16-18 || total
---------------------------+-------+-------+-------+-------+-------+-------++-------
  Melee: Short sword       |    19 |       |       |       |       |       ||    19
         Club              |     2 |       |       |       |       |       ||     2
         Dagger            |       |     7 |    20 |    79 |    53 |       ||   159
         Punch             |       |       |     1 |       |       |       ||     1
         Flail             |       |       |       |       |    72 |       ||    72
         Falchion          |       |       |       |       |   268 |     2 ||   270
  Throw: Stone             |     2 |     2 |     2 |     1 |       |       ||     7
         Dart              |       |       |     1 |     5 |     6 |       ||    12
         Boomerang         |       |       |       |       |     6 |       ||     6
   Cast: Foxfire           |    69 |    65 |   135 |   288 |   472 |     2 ||  1031
         Scorch            |    20 |    57 |   125 |   200 |   324 |     5 ||   731
         Inner Flame       |       |       |     6 |    38 |    51 |       ||    95
         Volatile Blastmot |       |       |     3 |    81 |   173 |     1 ||   258
         Swiftness         |       |       |       |     1 |     1 |       ||     2
         Flame Wave        |       |       |       |     1 |    18 |     1 ||    20
         Starburst         |       |       |       |       |    72 |     3 ||    75
  Evoke: Wand              |       |       |       |     8 |    21 |     1 ||    30
         Lightning rod     |       |       |       |       |     9 |       ||     9
    Use: Potion            |       |     1 |       |       |     5 |     5 ||    11
         Scroll            |       |       |     7 |     6 |    27 |     3 ||    43
   Stab: Invisible         |       |       |       |     2 |     2 |       ||     4
         Sleeping          |       |       |       |       |     2 |       ||     2
 Armour: Robe              |    21 |    23 |    48 |       |       |       ||    92
         Leather armour    |       |       |    12 |   191 |   116 |       ||   319
         Steam dragon scal |       |       |     4 |       |       |       ||     4
         Troll leather arm |       |       |       |       |   412 |    22 ||   434
  Dodge: Dodged            |    27 |    19 |    83 |   158 |   605 |    17 ||   909
  Block: Buckler           |       |       |       |       |   333 |    14 ||   347

Table legend: (Time is in decaauts)
 A = Elapsed time spent in this place.
 B = Non-inter-level travel time spent in this place.
 C = Inter-level travel time spent in this place.
 D = Time resting spent in this place.
 E = Time spent auto-exploring this place.
 F = Levels seen in this place.
 G = Mean time per level.
                   A        B        C        D        E       F      G
               +--------+--------+--------+--------+--------+-----+--------+
         Total |  50405 |  48289 |   2116 |  25150 |  14129 |  25 | 2016.2 |
       Dungeon |  29851 |  28422 |   1429 |  14454 |   8999 |  15 | 1990.1 |
          Lair |  13172 |  12647 |    525 |   6594 |   3949 |   5 | 2634.4 |
     Snake Pit |     52 |     52 |      0 |      7 |      0 |   1 |   52.0 |
  Orcish Mines |   4779 |   4618 |    161 |   2569 |    834 |   2 | 2389.5 |
      Ice Cave |   1816 |   1816 |      0 |   1463 |     60 |   1 | 1816.0 |
       Volcano |    734 |    734 |      0 |     63 |    286 |   1 |  734.0 |
               +--------+--------+--------+--------+--------+-----+--------+

Top non-repeatable levels by time:
  Lair:3: 3422 daAuts
    D:10: 3273 daAuts
   Orc:2: 3101 daAuts
    D:12: 3093 daAuts
     D:6: 3002 daAuts
  Lair:2: 2826 daAuts
    D:13: 2769 daAuts
  Lair:1: 2729 daAuts
  Lair:5: 2614 daAuts
    D:14: 2515 daAuts
     D:4: 2197 daAuts
     D:5: 1898 daAuts
   IceCv: 1816 daAuts
    D:11: 1815 daAuts
     D:7: 1764 daAuts
